 Dungeon Crawl Stone Soup version 0.24-a0-22-g2a401c0 (webtiles) character file.

Game seed: 937549449498449568

44 Borgoz the Skirmisher (level 3, -2/33 HPs)
             Began as a Hill Orc Abyssal Knight on Feb 1, 2019.
             Was a Follower of Lugonu.
             Slain by Sigmund
             ... wielding a +2 scythe of flaming
              (8 damage)
             ... on level 2 of the Dungeon.
             The game lasted 00:01:44 (868 turns).

Borgoz the Skirmisher (Hill Orc Abyssal Knight)      Turns: 868, Time: 00:01:44

Health: -2/33      AC:  6    Str: 14    XL:     3   Next: 60%
Magic:  5/5        EV:  9    Int: 12    God:    Lugonu [*.....]
Gold:   81         SH:  0    Dex: 11    Spells: 2/2 levels left

rFire    . . .     SeeInvis .   a - +1 hand axe
rCold    . . .     Gourm    .   (no shield)
rNeg     . . .     Faith    .   e - +0 scale mail
rPois    .         Spirit   .   (no helmet)
rElec    .         Reflect  .   (no cloak)
rCorr    .         Harm     .   (no gloves)
MR       .....                  (no boots)
Stlth    ..........             (no amulet)
HPRegen  0.11/turn              (no ring)
MPRegen  0.09/turn              (no ring)

@: no status effects
A: no striking features
a: Depart the Abyss, Renounce Religion


You were on level 2 of the Dungeon.
You worshipped Lugonu.
Lugonu was aware of your devotion.
You were not hungry.

You visited 1 branch of the dungeon, and saw 2 of its levels.
You visited the Abyss 1 time.

You collected 81 gold pieces.

Inventory:

Hand Weapons
 a - a +1 hand axe (weapon)
Armour
 e - a +0 scale mail (worn)
Scrolls
 b - 2 scrolls of remove curse {unknown}
 d - 3 scrolls of identify {unknown}
 h - a scroll of teleportation {unknown}
Potions
 f - a potion of curing {unknown}
 g - a potion of brilliance {unknown}
 i - 2 potions of experience {unknown}
 j - 2 potions of degeneration {unknown}
Comestibles
 c - 4 rations


   Skills:
 * Level 4.0 Fighting
 * Level 3.4 Axes
 * Level 3.1 Armour
 + Level 1.1 Dodging
 + Level 2.7 Invocations


You had 2 spell levels left.
You didn't know any spells.
Your spell library was empty.

Dungeon Overview and Level Annotations

Branches:
Dungeon (2/15)

Altars:

Annotations:
D:2 Sigmund


Message History

Sigmund looks at you with fury. Sigmund barely misses you.
Sigmund casts a spell at you. You resist with significant effort.
You feel less confused.
Sigmund hits you with a +2 scythe of flaming!
Sigmund burns you.
* * * LOW HITPOINT WARNING * * *
You barely miss Sigmund.
Sigmund is moderately wounded.
Sigmund hits you with a +2 scythe of flaming.
* * * LOW HITPOINT WARNING * * *
Sigmund burns you.
* * * LOW HITPOINT WARNING * * *
You closely miss Sigmund.
Sigmund is moderately wounded.
You closely miss Sigmund.
Sigmund is moderately wounded.
Sigmund hits you with a +2 scythe of flaming!
You die...

### #.. ##### #.# ...#
#.# ########[.. #.#
####.......... #.#
#.....#####... #.#
#.##..# ##.#
########@###.##..#### #..
........@....##.......##.
########....###..####....
###.......# ####.
#..###..# #. #..#
..#######. #.<# ........
#... #######. #...# #.


You could see Sigmund.

Vanquished Creatures
  2 dart slugs (D:1)
  A leopard gecko (D:2)
  5 bats
  3 giant cockroaches (D:1)
  7 goblins
  5 hobgoblins
  A frilled lizard (D:1)
  8 kobolds
  2 rats (D:1)
34 creatures vanquished.

Notes
Turn   | Place    | Note
-------+----------+-------------------------------------------
     0 | Abyss:1  | Borgoz the Hill Orc Abyssal Knight began the quest for the
                  | Orb.
     0 | Abyss:1  | Reached XP level 1. HP: 19/19 MP: 2/2
    62 | Abyss:1  | Noticed a large abomination
    73 | D:1      | Escaped the Abyss
   159 | D:1      | Reached XP level 2. HP: 26/27 MP: 3/3
   225 | D:1      | Reached skill level 1 in Dodging
   363 | D:1      | Reached skill level 4 in Fighting
   379 | D:1      | Reached * piety under Lugonu
   381 | D:1      | Reached XP level 3. HP: 26/33 MP: 5/5
   853 | D:2      | Noticed Sigmund
   868 | D:2      | Slain by Sigmund

Vault maps used:
D:1:      mrwooster_arrival_statue_2
D:2:      first_ration, patterned_corridor, uniq_sigmund

Skill      XL: |  1  2  3 |
---------------+----------+-----
Axes           | 3 |  3.4
Dodging        | 1 |  1.1
Fighting       | 4 |  4.0
Armour         | 3 |  3.1
Invocations    | |  2.7

Action                   || total
-------------------------++-------
Melee: Hand axe          ||   123
Invok: Depart the Abyss  ||     1
Armor: Scale mail        ||    60
       Leather armour    ||     1
Dodge: Dodged            ||    69

Table legend:
 A = Non-vault XP
 B = Vault XP
 C = Vault XP percentage of total XP
 D = Non-vault monster count
 E = Vault monster count
 F = Vault count percentage of total count
                 A         B        C        D         E       F
            +---------+---------+-------+---------+---------+-------
      Total |      63 |       0 |   0.0 |      34 |       0 |   0.0
            +---------+---------+-------+---------+---------+-------
        D:1 |      51 |       0 |   0.0 |      28 |       0 |   0.0
        D:2 |      12 |       0 |   0.0 |       6 |       0 |   0.0
            +---------+---------+-------+---------+---------+-------
